 Dungeon Crawl Stone Soup version 0.31.0-1-g2c135a0 (webtiles) character file.

Game seed: 15895249435957151586

161646 brinewave the Executioner (level 17, 0/168 HPs)
             Began as a Minotaur Berserker on Feb 4, 2024.
             Was the Champion of Trog.
             Slain by a freezing wraith (5 damage)
             ... on level 3 of the Swamp on Feb 5, 2024.
             The game lasted 02:07:59 (29607 turns).

brinewave the Executioner (Minotaur Berserker)     Turns: 29607, Time: 02:08:00

Health: 0/168      AC: 32    Str: 36    XL:     17   Next: 20%
Magic:  5/5        EV: 10    Int:  4    God:    Trog [******]
Gold:   3554       SH:  0    Dex: 11    Spells: 16/16 levels left

rFire   + . .        r - +7 war axe of Subterfuge {antimagic, Str+2}
rCold   + + .        (no shield)
rNeg    . . .        M - +5 plate armour {rF+}
rPois   +            O - +2 hat {Stlth+}
rElec   +            w - +2 cloak {Will+}
rCorr   .            J - +1 pair of gloves of Compassion {-Tele rC+ Will+ Str+3}
SInv    .            (no boots)
Will    ++++.        n - amulet of regeneration Stlth
                     F - ring of flight
HPRegen 1.28/turn    v - ring of Woraeq {rElec rPois rC+ Will+ Str+2}
MPRegen 0.09/turn

%: no teleportation
@: flying
A: horns 2, retaliatory headbutt
a: Renounce Religion, Berserk, Trog's Hand, Brothers in Arms


You were on level 3 of the Swamp.
You worshipped Trog.
Trog was exalted by your worship.
You visited 5 branches of the dungeon, and saw 27 of its levels.
You also visited: Gauntlet and Ice Cave.

You collected 4196 gold pieces.
You spent 642 gold pieces at shops.

Inventory:

Hand Weapons
 a - the +11 executioner's axe "Adumuosh" {flame, rElec rF- Str+5 Dex+2}
   (Trog gifted it to you on level 13 of the Dungeon)

   Str+5:     It affects your strength (+5).
   Dex+2:     It affects your dexterity (+2).
   rF-:       It makes you vulnerable to fire.
   rElec:     It insulates you from electricity.
 d - a +1 heavy executioner's axe
 g - the +7 dagger of the Howling One {spect, *Noise rC+ Will+ rCorr}
   (You found it on level 7 of the Dungeon)

   rC+:       It protects you from cold.
   Will+:     It increases your willpower.
   *Noise:    It may make a loud noise when swung.
   rCorr:     It protects you from acid and corrosion.
 r - the +7 war axe of Subterfuge (weapon) {antimagic, Str+2}
   (You found it on level 4 of the Swamp)

   Str+2:     It affects your strength (+2).
Missiles
 k - 13 curare-tipped darts
 o - 46 poisoned darts
 q - 28 boomerangs
 S - 6 silver javelins
Armour
 w - a +2 cloak of willpower (worn)
 x - a +2 cloak of preservation
 I - a +1 kite shield of protection
 J - the +1 pair of gloves of Compassion (worn) {-Tele rC+ Will+ Str+3}
   (You bought it in a shop on level 2 of the Orcish Mines)

   Str+3:     It affects your strength (+3).
   rC+:       It protects you from cold.
   Will+:     It increases your willpower.
   -Tele:     It prevents most forms of teleportation.
 K - the +6 chain mail of Vuletej {Rampage rN+}
   (You found it in an ice cave)

   rN+:       It protects you from negative energy.
   Rampage:   It bestows one free step when moving towards enemies.
 L - a +2 pair of gloves of infusion
 M - a +5 plate armour of fire resistance (worn)
 O - a +2 hat of stealth (worn)
 P - a scarf of repulsion
Jewellery
 l - a +6 ring of strength
 n - an amulet of regeneration (around neck)
 v - the ring of Woraeq (right hand) {rElec rPois rC+ Will+ Str+2}
   (You found it on level 12 of the Dungeon)

   [ring of willpower]

   Str+2:     It affects your strength (+2).
   rC+:       It protects you from cold.
   rElec:     It insulates you from electricity.
   rPois:     It protects you from poison Will+: It increases your willpower.
 y - a ring of protection from fire
 F - a ring of flight (left hand)
 N - a ring of resist corrosion
 R - the ring of Deca {rPois rN+ Dex+2}
   (You took it off a minotaur in a Gauntlet)

   [ring of positive energy]

   Dex+2:     It affects your dexterity (+2).
   rPois:     It protects you from poison rN+: It protects you from negative
   energy.
Wands
 i - a wand of polymorph (20)
 A - a wand of quicksilver (7)
 B - a wand of charming (46)
 C - a wand of mindburst (21)
 E - a wand of iceblast (25)
 T - a wand of digging (5)
 V - a wand of flame (53)
Scrolls
 e - a scroll of butterflies
 f - 9 scrolls of teleportation
 h - 2 scrolls of fog
 m - 3 scrolls of immolation
 s - 2 scrolls of poison
 t - 3 scrolls of silence
 G - 3 scrolls of revelation
 X - 2 scrolls of blinking
 Y - 2 scrolls of fear
Potions
 c - 3 potions of might
 p - 6 potions of curing
 D - 2 potions of enlightenment
 H - 4 potions of invisibility
 Q - 2 potions of mutation
 W - a potion of cancellation
 Z - a potion of lignification
Miscellaneous
 j - a tin of tremorstones (2/2)
 u - a phial of floods
 z - a phantom mirror
 U - a sack of spiders


   Skills:
 + Level 19.3 Fighting
 - Level 24.8 Axes
 + Level 5.1 Throwing
 + Level 19.1 Armour
 - Level 2.1 Dodging


You had 16 spell levels left.
You didn't know any spells.
Your spell library was empty.

Dungeon Overview and Level Annotations

Branches:
Dungeon (15/15)            Temple (1/1) D:7            Lair (5/5) D:11
  Swamp (4/4) Lair:3       Spider (0/4) Lair:3        Slime (0/5) Lair:5
    Orc (2/2) D:12            Elf (0/3) Orc:2        Vaults (0/5) D:14
 Depths (0/4) D:15          IceCv (visited)         Gauntlet (visited)

Altars:
Ashenzari
Cheibriados
Dithmenos
Elyvilon
Fedhas
Gozag
Hepliaklqana
Kikubaaqudgha
Makhleb
Nemelex Xobeh
Okawaru
Qazlal
Ru
Sif Muna
Trog
Uskayaw
Vehumet
Wu Jian
Xom
Yredelemnul
Zin
The Shining One
Jiyva

Shops:
D:8 [   D:15 *   Orc:2 ([*:

Annotations:
D:7 1 runed translucent door, Crazy Yiuf


Innate Abilities, Weirdness & Mutations

You have a pair of horns on your head.
You reflexively headbutt those who attack you in melee.


Message History

You headbutt the freezing wraith!
The freezing wraith completely misses you.
The spriggan druid splashes around in the water.
The spriggan druid hits you with a +0 quarterstaff!
* * * LOW HITPOINT WARNING * * *
The spriggan rider closely misses you.
You fly upwards.
The forest abruptly stops moving.
There is a stone staircase leading down, spattered with blood here.
Your troll goes berserk!
A tree reaches out and hits you!
* * * LOW HITPOINT WARNING * * *
A root smacks your troll from below!! The five-headed hydra bites you.
* * * LOW HITPOINT WARNING * * *
The five-headed hydra bites you but does no damage.
The five-headed hydra barely misses you.
The five-headed hydra bites you.
* * * LOW HITPOINT WARNING * * *
The five-headed hydra bites you but does no damage.
The freezing wraith hits you but does no damage.
The freezing wraith closely misses you.
The spriggan druid hits you but does no damage. x2
As you read the scroll of fear, it crumbles to dust.
You assume a fearsome visage.
The five-headed hydra resists with some effort.
The freezing wraith is unaffected.
The spriggan druid resists with some effort.
The spriggan druid looks frightened!
A root smacks you from below!
* * * LOW HITPOINT WARNING * * *
A tree reaches out and hits your troll!
The five-headed hydra closely misses you.
The five-headed hydra bites you but does no damage.
The five-headed hydra misses you.
The five-headed hydra bites you but does no damage. x2
Your troll bites the five-headed hydra!!
Your troll claws the five-headed hydra!!
Your troll barely misses the five-headed hydra.
The freezing wraith hits you.
* * * LOW HITPOINT WARNING * * *
The freezing wraith freezes you. You resist.
You die...

~~~~~♣♣ ♣.♣..♣..♣.♣
~~~.♣.♣♣♣♣.♣..♣..♣.♣
~.~~...~♣♣.♣♣.♣♣...♣
~.~~.~♣~~♣..♣..♣.♣♣♣
~~~~.~...~<.♣..♣.♣
~♣.~~~.♣....♣..♣.♣
~♣♣~...♣♣~..♣≈.♣.♣♣
.♣♣.♣.♣♣♣♣♣.♣♣.[ii♣
.♣♣.♣÷♣ ♣..♣.♣@W♣
..♣.♣.♣ ♣♣.♣..D♣♣
..♣♣.~♣ ♣.♣.T♣♣
♣~♣♣.~♣ ♣.♣.~♣
♣~♣♣..♣ ♣♣...§♣
♣~♣♣.♣♣ ♣...~♣♣
...♣.♣ ♣♣...♣♣
♣[♣♣.♣♣ ♣.♣..>♣
♣♣♣~~~♣ ♣♣.♣.♣♣


You could see a five-headed hydra (ally target), 2 spriggan druids, a freezing
wraith and a friendly troll (summoned, berserk).

Vanquished Creatures
  Nikola (Swamp:1)
  Rupert (Orc:2)
  Jorgrun (D:12)
  A thorn hunter (Swamp:2)
  Aizul (Swamp:3)
  A storm dragon (D:15)
  The ghost of Lyniq the Transmogrifier, a journeyman DrSh of Wu Jian (D:15)
  A fenstrider witch (Swamp:3)
  2 ghouls (Swamp:4)
  An orc warlord (Orc:2)
  Nessos (D:13)
  5 bunyips
  6 eleionomae
  A minotaur (Gauntlet)
  Snorg (Lair:5)
  A fire dragon (Lair:5)
  3 shambling mangroves
  An entropy weaver (D:14)
  A ghost crab (Swamp:1)
  A vault guard (D:14)
  18 hydras
  Erolcha (D:13)
  A hell beast (Gauntlet)
  A death knight (D:15)
  13 alligators
  5 centaur warriors
  3 ogre magi
  8 two-headed ogres
  2 boulder beetles (D:13)
  14 death yaks
  3 orc high priests
  A vampire mage (D:15)
  3 tengu warriors (D:15)
  Sonja (Lair:5)
  8 skeletal warriors
  A fire crab (Lair:5)
  A goliath frog (Swamp:1)
  2 death drakes (Swamp:1)
  A spark wasp zombie (D:15)
  A skyshark (Lair:2)
  7 spriggan druids
  11 swamp dragons
  A bog body (Swamp:2)
  An obsidian statue (D:11)
  2 deep elf pyromancers
  A spectral hydra (Swamp:4)
  A necromancer (D:15)
  6 orc knights
  Pikel (D:9)
  A phantasmal warrior (Swamp:3)
  A wolf spider (D:15)
  7 will-o-the-wisps
  4 orc sorcerers
  10 ugly things
  4 cyclopes
  7 manticores
  2 kobold blastminers (Orc:2)
  Maurice (D:8)
  8 black mambas
  Joseph (D:8)
  Jeremiah (Lair:1)
  A torpor snail (Lair:5)
  3 gargoyles
  A molten gargoyle (Lair:5)
  4 ice statues
  Maggie (D:8)
  2 unseen horrors (D:10)
  9 rime drakes
  2 cane toads
  12 komodo dragons
  2 kobold demonologists
  3 freezing wraiths
  Psyche (D:9)
  An anaconda simulacrum (IceCv)
  A yaktaur (D:15)
  2 tengu conjurers
  6 trolls
  A hydra zombie (Swamp:4)
  A polar bear (Lair:4)
  7 hornets
  7 tyrant leeches
  8 blink frogs
  Prince Ribbit (D:8)
  A raiju (shapeshifter) (D:13)
  6 dream sheep (D:12)
  A jumping spider (shapeshifter) (D:15)
  7 slime creatures
  2 centaur simulacra (D:14)
  A dire elephant simulacrum (IceCv)
  12 spriggans
  4 wraiths
  A vampire (D:12)
  A spriggan skeleton (D:15)
  39 yaks
  14 wyverns
  A water elemental (D:14)
  3 humans (D:12)
  3 shadows
  6 basilisks
  4 wargs
  Grum (D:8)
  14 vampire mosquitoes
  2 steam dragons
  A death yak simulacrum (IceCv)
  17 swamp worms
  14 water moccasins
  The ghost of anarkitty the Digger, an amateur DEEE (D:3)
  5 hell hounds
  Duvessa (D:7)
  3 hydra simulacra (Swamp:4)
  27 orc warriors
  6 swamp drakes
  6 ice beasts (D:11)
  A swamp dragon zombie (Swamp:4)
  A sky beast (D:7)
  2 black bears
  13 ogres
  6 centaurs
  3 lemures (D:9)
  6 kobold brigands
  5 wolves
  2 necrophages (D:4)
  2 scorpions
  17 bullfrogs
  4 gnoll sergeants
  6 wights
  Dowan (D:7)
  4 electric eels (D:14)
  2 howler monkeys
  5 lava snakes (Lair:5)
  2 bombardier beetles
  A bullfrog zombie (D:4)
  5 hounds
  A human zombie (D:4)
  21 orc priests
  2 sleepcaps
  A gnoll bouda (D:5)
  An iguana (D:5)
  Terence (D:3)
  24 orc wizards
  2 polar bear simulacra (IceCv)
  A wolf simulacrum (IceCv)
  2 hound zombies (D:4)
  A boggart simulacrum (D:13)
  A howler monkey zombie (D:4)
  9 adders
  21 gnolls
  2 white imps
  An adder zombie (D:4)
  4 ribbon worms
  6 dart slugs
  105 orcs
  2 ball pythons
  2 bats (D:1)
  9 endoplasms
  4 giant cockroaches
  6 goblins
  7 hobgoblins
  20 kobolds
  3 quokkas
  4 frilled lizards
  A quokka zombie (D:4)
  9 rats
839 creatures vanquished.

Vanquished Creatures (collateral kills)
  3 death yaks (D:12)
  2 molten gargoyles (Lair:5)
  An orc priest (D:5)
6 creatures vanquished.

Vanquished Creatures (others)
  A deep elf pyromancer (D:14)
  2 orc wizards
  34 foxfires
37 creatures vanquished.

Grand Total: 882 creatures vanquished

Notes
Turn   | Place    | Note
-------+----------+-------------------------------------------
     0 | D:1      | brinewave the Minotaur Berserker began the quest for the
                  | Orb.
     0 | D:1      | Reached XP level 1. HP: 19/19 MP: 0/0
   155 | D:1      | Reached skill level 4 in Axes
   174 | D:1      | Reached XP level 2. HP: 19/27 MP: 1/1
   695 | D:1      | Reached XP level 3. HP: 31/33 MP: 2/2
  1121 | D:2      | Reached ** piety under Trog
  1223 | D:2      | Found a faded altar of an unknown god.
  1332 | D:2      | Identified the +0 hat "Daif Ril" {Rampage Slay-3 Stlth+}
  1428 | D:2      | Reached skill level 5 in Axes
  1428 | D:2      | Reached XP level 4. HP: 39/41 MP: 3/3
  1888 | D:3      | Noticed Terence
  1893 | D:3      | Killed Terence
  2229 | D:3      | Found a runed translucent door.
  2230 | D:3      | Noticed anarkitty's ghost (amateur DEEE)
  2278 | D:3      | Killed anarkitty's ghost
  2279 | D:3      | Reached skill level 5 in Fighting
  2279 | D:3      | Reached skill level 6 in Axes
  2279 | D:3      | Reached XP level 5. HP: 48/48 MP: 4/4
  2407 | D:3      | Reached XP level 6. HP: 51/56 MP: 5/5
  2702 | D:4      | Reached skill level 7 in Axes
  2722 | D:4      | Reached XP level 7. HP: 44/62 MP: 6/6
  2855 | D:4      | Reached *** piety under Trog
  2938 | D:4      | Reached skill level 5 in Armour
  3072 | D:4      | Found a hide-covered altar of Uskayaw.
  3222 | D:4      | Found a basalt altar of Yredelemnul.
  3250 | D:4      | Reached skill level 8 in Axes
  3492 | D:5      | Entered Level 5 of the Dungeon
  3559 | D:5      | Found an iron altar of Okawaru.
  3623 | D:5      | Reached XP level 8. HP: 69/71 MP: 7/7
  3702 | D:5      | Reached skill level 9 in Axes
  4133 | D:5      | Found a shimmering altar of Xom.
  4133 | D:5      | Found a sparkling altar of Nemelex Xobeh.
  4236 | D:5      | Reached **** piety under Trog
  4768 | D:6      | Found a hazy altar of Hepliaklqana.
  5077 | D:6      | Reached skill level 10 in Axes
  5188 | D:6      | Found a glowing golden altar of the Shining One.
  5508 | D:7      | Noticed a moth of wrath
  5510 | D:7      | Found a bloodstained altar of Trog.
  5553 | D:7      | Identified the +7 dagger of the Howling One {spect, *Noise
                  | rC+ Will+ rCorr}
  5595 | D:7      | Reached XP level 9. HP: 81/81 MP: 8/8
  5798 | D:7      | Found an ancient bone altar of Kikubaaqudgha.
  5834 | D:7      | Found a runed translucent door.
  5835 | D:7      | Noticed Crazy Yiuf
  5850 | D:7      | Noticed Duvessa
  5853 | D:7      | Noticed Dowan
  5858 | D:7      | Killed Duvessa
  5859 | D:7      | Reached skill level 11 in Axes
  5868 | D:7      | Killed Dowan
  6023 | D:7      | Found a broken altar of Ashenzari.
  6040 | D:7      | Reached ***** piety under Trog
  6117 | D:7      | Found a staircase to the Ecumenical Temple.
  6130 | Temple   | Entered the Ecumenical Temple
  6790 | D:8      | Noticed Prince Ribbit
  6802 | D:8      | Killed Prince Ribbit
  6931 | D:8      | Noticed a troll
  6939 | D:8      | Killed a troll
  6940 | D:8      | Reached skill level 12 in Axes
  7098 | D:8      | Noticed Maggie
  7112 | D:8      | Killed Maggie
  7200 | D:8      | Found a snail-covered altar of Cheibriados.
  7223 | D:8      | Found Moaghiun's Armour Boutique.
  7229 | D:8      | Bought a +1 cloak of willpower for 231 gold pieces
  7229 | D:8      | Bought a +0 pair of gloves of infusion for 161 gold pieces
  7334 | D:8      | Noticed Maurice
  7525 | D:9      | Received a gift from Trog
  7664 | D:9      | Reached XP level 10. HP: 91/91 MP: 0/9
  7702 | D:9      | Noticed Psyche
  7710 | D:9      | Killed Psyche
  7948 | D:9      | Reached skill level 13 in Axes
  8174 | D:9      | Noticed Pikel
  8184 | D:9      | Killed Pikel
  8422 | D:9      | Reached skill level 10 in Fighting
  8553 | D:10     | Entered Level 10 of the Dungeon
  8719 | D:10     | Reached skill level 14 in Axes
  8719 | D:10     | Reached skill level 10 in Armour
  9025 | D:10     | Found an ornate altar of the Wu Jian Council.
  9163 | D:10     | Reached XP level 11. HP: 87/101 MP: 1/10
  9459 | D:10     | Found an opulent altar of Gozag.
  9529 | D:11     | Noticed a white ugly thing
  9534 | D:11     | Killed a white ugly thing
  9582 | D:11     | Reached skill level 15 in Axes
  9610 | D:11     | Noticed an obsidian statue
  9906 | D:11     | Found a staircase to the Lair.
  9962 | D:11     | Found a gate leading to a gauntlet.
  9971 | Gauntlet | Entered a Gauntlet
  9971 | Gauntlet | Found a transporter.
  9971 | Gauntlet | Found a transporter.
  9971 | Gauntlet | Found a runed translucent door.
  9978 | Gauntlet | Found a runed translucent door.
  9979 | Gauntlet | Found a runed translucent door.
  9990 | Gauntlet | Found a transporter.
  9994 | Gauntlet | Found a transporter.
 10007 | Gauntlet | Found a transporter.
 10011 | Gauntlet | Found a transporter.
 10055 | Gauntlet | Found a transporter.
 10055 | Gauntlet | Found a transporter.
 10067 | Gauntlet | Found a transporter.
 10071 | Gauntlet | Found a transporter.
 10081 | Gauntlet | Noticed a hell beast
 10082 | Gauntlet | Found a transporter.
 10094 | Gauntlet | Noticed a thrashing horror
 10097 | Gauntlet | Found a transporter.
 10702 | Gauntlet | Killed a hell beast
 10703 | Gauntlet | Reached skill level 16 in Axes
 10781 | Gauntlet | Identified the ring of Deca {rPois rN+ Dex+2}
 10781 | Gauntlet | Noticed a minotaur
 10793 | Gauntlet | Killed a minotaur
 10804 | Gauntlet | Identified the ring of Xuqaz {rElec Int+6}
 11577 | Lair:1   | Entered Level 1 of the Lair of Beasts
 11577 | Lair:1   | Noticed Jeremiah
 11587 | Lair:1   | Killed Jeremiah
 11886 | Lair:1   | Reached XP level 12. HP: 113/113 MP: 0/11
 12715 | Lair:2   | Reached skill level 17 in Axes
 12966 | Lair:2   | Noticed a six-headed hydra
 12974 | Lair:2   | Killed a six-headed hydra
 12974 | Lair:2   | Received a gift from Trog
 14413 | Lair:3   | Found a hole to the Spider Nest.
 14445 | Lair:3   | Found a staircase to the Swamp.
 14445 | Lair:3   | Noticed an eleionoma
 14453 | Lair:3   | Reached skill level 18 in Axes
 14453 | Lair:3   | Killed an eleionoma
 14618 | Lair:3   | Noticed a death yak
 14618 | Lair:3   | Noticed a death yak
 14628 | Lair:3   | Noticed a death yak
 14630 | Lair:3   | Noticed a death yak
 14631 | Lair:3   | Killed a death yak
 14632 | Lair:3   | Noticed a death yak
 14633 | Lair:3   | Killed a death yak
 14634 | Lair:3   | Noticed a death yak
 14636 | Lair:3   | Killed a death yak
 14637 | Lair:3   | Killed a death yak
 14640 | Lair:3   | Killed a death yak
 14641 | Lair:3   | Reached XP level 13. HP: 77/123 MP: 1/12
 15959 | Lair:4   | Reached skill level 19 in Axes
 16504 | Lair:5   | Entered Level 5 of the Lair of Beasts
 16604 | Lair:5   | Received a gift from Trog
 16746 | Lair:5   | Found a staircase to the Slime Pits.
 16747 | Lair:5   | Found a viscous altar of Jiyva.
 17053 | Lair:5   | Noticed Sonja
 17062 | Lair:5   | Killed Sonja
 17189 | Lair:5   | Noticed Snorg
 17198 | Lair:5   | Killed Snorg
 17639 | Lair:5   | Reached skill level 20 in Axes
 17842 | Lair:5   | Noticed a fire dragon
 17848 | Lair:5   | Found a large runed translucent door.
 17848 | Lair:5   | Found a large runed translucent door.
 18123 | Lair:5   | Reached skill level 15 in Fighting
 18156 | Lair:5   | Killed a fire dragon
 18862 | D:12     | Reached XP level 14. HP: 132/135 MP: 11/13
 18915 | D:12     | Received a gift from Trog
 19167 | D:12     | Found a staircase to the Orcish Mines.
 19329 | D:12     | Identified the +6 plate armour "Jerphyim" {rElec Str+4
                  | Int+2}
 19425 | D:12     | Noticed Jorgrun
 19440 | D:12     | Killed Jorgrun
 19441 | D:12     | Reached skill level 15 in Armour
 19607 | D:12     | Identified the ring of Woraeq {rElec rPois rC+ Will+ Str+2}
 19979 | D:12     | Reached skill level 21 in Axes
 20241 | D:13     | Noticed Erolcha
 20247 | D:13     | Killed Erolcha
 20512 | D:13     | Noticed Nessos
 20541 | D:13     | Killed Nessos
 20648 | D:13     | Identified the +11 executioner's axe "Adumuosh" {flame,
                  | rElec rF- Str+5 Dex+2} (Trog gifted it to you on level 13
                  | of the Dungeon)
 20648 | D:13     | Received a gift from Trog
 21326 | Orc:1    | Entered Level 1 of the Orcish Mines
 21373 | Orc:1    | Found a frozen archway.
 21423 | IceCv    | Entered an ice cave
 21537 | IceCv    | Found a transporter.
 21549 | IceCv    | Found a transporter.
 21569 | IceCv    | Reached skill level 22 in Axes
 21702 | IceCv    | Identified the +6 chain mail of Vuletej {Rampage rN+}
 21954 | Orc:2    | Entered Level 2 of the Orcish Mines
 21983 | Orc:2    | Found a staircase to the Elven Halls.
 22247 | Orc:2    | Paralysed by an orc sorcerer for 5 turns
 22257 | Orc:2    | Reached XP level 15. HP: 131/145 MP: 6/14
 22432 | Orc:2    | Found Litibbius's General Store.
 22436 | Orc:2    | Found Kuxuhil's Antique Weapon Boutique.
 22437 | Orc:2    | Received a gift from Trog
 22700 | Orc:2    | Found Keucet's Book Boutique.
 22815 | Orc:2    | Noticed Rupert
 22828 | Orc:2    | Killed Rupert
 23172 | Orc:2    | Found Ofuch's Antique Armour Boutique.
 23179 | Orc:2    | Bought a pair of faintly humming gloves for 218 gold pieces
 23179 | Orc:2    | Identified the +1 pair of gloves of Compassion {-Tele rC+
                  | Will+ Str+3} (You bought it in a shop on level 2 of the
                  | Orcish Mines)
 23761 | D:14     | Identified a scroll of acquirement
 23762 | D:14     | Acquired 834 gold pieces
 23877 | D:14     | Reached skill level 23 in Axes
 24098 | D:14     | Found a gate to the Vaults.
 24348 | D:15     | Entered Level 15 of the Dungeon
 24545 | D:15     | Found a staircase to the Depths.
 24928 | D:15     | Found a runed translucent gate.
 24930 | D:15     | Found a runed translucent gate.
 24931 | D:15     | Found a runed translucent gate.
 24933 | D:15     | Noticed a storm dragon
 24934 | D:15     | Noticed Lyniq's ghost (journeyman DrSh)
 24974 | D:15     | Found Ajoatom's General Store.
 24984 | D:15     | Bought a scroll of identify for 32 gold pieces
 25205 | D:15     | Killed a storm dragon
 25206 | D:15     | Reached ****** piety under Trog
 25214 | D:15     | Killed Lyniq's ghost
 25546 | D:8      | Killed Maurice
 25612 | D:8      | Found a transporter.
 25668 | D:8      | Found a transporter.
 25670 | D:8      | Noticed Joseph
 25677 | D:8      | Killed Joseph
 25705 | D:8      | Noticed Grum
 25709 | D:8      | Killed Grum
 25763 | D:8      | Received a gift from Trog
 25764 | D:8      | Reached XP level 16. HP: 144/157 MP: 15/15
 25797 | D:8      | Identified the ring "Tutugh" {rElec EV+5 Dex+4}
 26198 | Swamp:1  | Entered Level 1 of the Swamp
 26254 | Swamp:1  | Reached skill level 24 in Axes
 26521 | Swamp:1  | Identified the +0 pair of gloves of the Centipede {*Corrode
                  | rF++ rN++}
 26521 | Swamp:1  | Noticed Nikola
 26534 | Swamp:1  | Killed Nikola
 27395 | Swamp:2  | Noticed a thorn hunter
 27401 | Swamp:2  | Killed a thorn hunter
 27791 | Swamp:3  | Reached skill level 1 in Throwing
 28052 | Swamp:3  | Identified the serpent talisman of the Histrionic God
                  | {Str+2 Int-2 Dex+2}
 28052 | Swamp:3  | Noticed Aizul
 28059 | Swamp:3  | Killed Aizul
 28122 | Swamp:3  | Received a gift from Trog
 28651 | Swamp:4  | Entered Level 4 of the Swamp
 28721 | Swamp:4  | HP: 6/159 [alligator (10)]
 29047 | Swamp:3  | Reached XP level 17. HP: 48/168 MP: 16/16
 29202 | Swamp:4  | Identified the +7 war axe of Subterfuge {antimagic, Str+2}
 29376 | Swamp:3  | Reached skill level 5 in Throwing
 29607 | Swamp:3  | HP: 5/168 [freezing wraith (4)]
 29607 | Swamp:3  | Slain by a freezing wraith

Illustrated notes

Levels and vault maps discovered:
D:1:      onia_arrival_mini_maze, layout_basic, roderic_serpentine_path,
          nicolae_eternal_life
D:2:      layout_loops_ring, hellmonk_ecumenical_altar_leap_of_faith
D:3:      layout_rooms, serial_aquarium, aquarium_bridge_square
          [aquarium_subvault_wall, aquarium_subvault_bridge,
          aquarium_subvault_bridge, aquarium_subvault_bridge],
          aquarium_bridge_square [aquarium_subvault_wall,
          aquarium_subvault_window, aquarium_subvault_bridge,
          aquarium_subvault_window], aquarium_window_1, aquarium_window_1,
          aquarium_window_fake, aquarium_window_3, aquarium_view_2e,
          aquarium_balcony_1b, aquarium_pool_1, gammafunk_ghost_grave,
          supply_closet_lemuel, uniq_terence
D:4:      layout_rooms, lemuel_mausoleum_altar_yredelemnul,
          nicolae_uskayaw_suspiria
D:5:      layout_loops_ring, okawaru_gym_becter,
          chequers_temple_overflow_statue_of_worship
D:6:      layout_basic, mainiacjoe_overflow_24_doors, tso_altar, minivault_5
D:7:      layout_cave_pods, nicolae_overflow_hidden_temple, tgw_trog,
          overflow_temple_1_default, minmay_temple_entry_proselytizer,
          nrook_campfire, uniq_duvessa, uniq_crazy_yiuf_cottage
D:8:      gammafunk_sealed_arena, layout_loops_ring, cheibriados_altar_1,
          serial_shops, kennysheep_little_box, uniq_grum, uniq_prince_ribbit1,
          uniq_joseph, uniq_maggie, uniq_maurice
D:9:      minmay_goldmine, layout_stronghold, uniq_pikel, uniq_psyche
D:10:     layout_long_grid, mainiacjoe_overflow_brackets, kennysheep_mini,
          kennysheep_generic_room_13
D:11:     layout_roguey [special_room_orc], hellmonk_lair_entry_icy,
          gauntlet_entry_generic, minivault_15
D:12:     slaughterhouse, layout_irregular_city,
          kennysheep_orc_monster_closet_entryway, kennysheep_generic_room_3,
          uniq_jorgrun
D:13:     layout_basic, uniq_nessos, uniq_erolcha
D:14:     layout_gridville, hellmonk_vaults_order_and_chaos, dk_noncrumbling_3,
          serial_bayou_lake_a
D:15:     gammafunk_depths_entry_grave, layout_loops_ring, serial_shops,
          nicolae_shop_peninsula, serial_library_hellmonk_junction,
          gammafunk_ghost_split
Temple:   jpeg_temple_island
Lair:1:   layout_cave_pods, eino_small_chamber_without_monster,
          chequers_serial_rivers_small_a, grunt_megastairs_4, uniq_jeremiah
Lair:2:   layout_cave_pods, infiniplex_staircase_pool, wad_woods_river_01
Lair:3:   layout_cave_pods, alex1729_swamp_entry_worm_eleionoma,
          spider_nest_entry_web_field, grunt_megastairs_5, lemuel_fruit_tree
Lair:4:   layout_regular_city, serial_bayou_shore_b, grunt_megastairs_1,
          serial_bayou_shore_b
Lair:5:   cheibrodos_lair_end_hotspot, layout_regular_city, slime_entry_1,
          uniq_snorg, uniq_sonja
Swamp:1:  nicolae_swamp_ascending_descending, layout_basic_swamp,
          nicolae_swamp_fairy_circle, nicolae_swamp_drake_lake, uniq_nikola
Swamp:2:  layout_falls_marsh, hangedman_swamp_diagram
Swamp:3:  layout_falls_marsh, hangedman_swamp_lotus, swamp_pool_1_2,
          hangedman_swamp_cone, nicolae_swamp_orc_logging_accident, uniq_aizul
Swamp:4:  byrel_swamp_growth_death_and_undeath, layout_basic_swamp, swamp_pool_3
Orc:1:    layout_diamond_mine, portal_ice_cave_entry_pillars_2
Orc:2:    grunt_orc_cross, layout_diamond_mine, uniq_rupert

Skill      XL: |  1  2  3  4  5  6  7  8  9 10 11 12 13 14 15 16 17 |
---------------+----------------------------------------------------+-----
Axes           | 4 5 6 7 8 10 12 14 16 18 20 22 23 24 | 24.8
Fighting       | 4 5 6 7 9 10 12 13 15 16 17 19 | 19.3
Armour         | 3 4 6 7 8 10 11 13 14 16 17 18 19 | 19.1
Throwing       | 4 5 |  5.1
Dodging        | |  2.1

Action                     |  1- 3 |  4- 6 |  7- 9 | 10-12 | 13-15 | 16-18 || total
---------------------------+-------+-------+-------+-------+-------+-------++-------
  Melee: Hand axe          |    74 |    64 |    42 |       |       |       ||   180
         Punch             |     2 |       |     2 |       |     2 |     1 ||     7
         Headbutt          |    10 |    17 |    68 |    63 |   147 |    73 ||   378
         War axe           |       |    30 |   288 |       |       |    59 ||   377
         Dagger            |       |       |    10 |       |       |       ||    10
         Battleaxe         |       |       |     6 |   309 |     7 |    70 ||   392
         Executioner's axe |       |       |       |    75 |   637 |   210 ||   922
         Flail             |       |       |       |     4 |    83 |       ||    87
  Throw: Dart              |       |     1 |    14 |     1 |       |       ||    16
         Javelin           |       |       |       |     2 |       |       ||     2
 Invoke: Berserk           |       |     1 |       |     1 |     1 |     1 ||     4
         Trog's Hand       |       |       |       |       |     5 |       ||     5
         Brothers in Arms  |       |       |       |       |     3 |     1 ||     4
    Use: Scroll            |       |     5 |     9 |    11 |    12 |     2 ||    39
         Potion            |       |       |       |       |     7 |     1 ||     8
 Armour: Animal skin       |    11 |       |       |       |       |       ||    11
         Scale mail        |    31 |    68 |    98 |       |       |       ||   197
         Chain mail        |       |       |   150 |    24 |       |       ||   174
         Plate armour      |       |       |       |   435 |  1133 |   589 ||  2157
  Dodge: Dodged            |    30 |    39 |   137 |   167 |   398 |   181 ||   952
